 Dungeon Crawl Stone Soup version 0.29-a0-553-g81b289dbe5 (webtiles) character file.

Game seed: 6429900713300840580

67 Hubjo the Insei (level 3, -10/27 HPs)
             Began as a Demonspawn Transmuter on June 6, 2022.
             Was a Follower of Cheibriados.
             Killed by divine providence
             ... invoked by an orc priest
              (14 damage)
             ... on level 3 of the Dungeon.
             The game lasted 00:03:22 (2912 turns).

Hubjo the Insei (Demonspawn Transmuter)             Turns: 2912, Time: 00:03:24

Health: -10/27     AC:  2    Str: 12    XL:     3   Next: 98%
Magic:  3/6        EV: 12    Int: 16    God:    Cheibriados [*.....]
Gold:   46         SH:  0    Dex: 17    Spells: 5/6 levels left

rFire   . . .      SeeInvis .     - Unarmed
rCold   . . .      Faith    +   (no shield)
rNeg    . . .      Spirit   .   a - +0 robe
rPois   .          Reflect  .   (helmet currently unavailable)
rElec   .          Harm     .   (no cloak)
rCorr   .          Rampage  .   (no gloves)
Will    .....                   (boots currently unavailable)
Stlth   ++........              g - amulet of faith
HPRegen 0.09/turn               (no ring)
MPRegen 0.10/turn               (no ring)

@: appendages (expiring), very slow
A: horns 2, talons 2, claws 1, foul stench 1
a: End Transformation, Renounce Religion, Bend Time


You were on level 3 of the Dungeon.
You worshipped Cheibriados.
Cheibriados was aware of your devotion.
You had temporarily grown beastly horns and talons.
You visited 1 branch of the dungeon, and saw 3 of its levels.

You collected 46 gold pieces.

Inventory:

Hand Weapons
 b - a +0 dagger of venom
Armour
 a - a +0 robe (worn)
Jewellery
 g - an amulet of faith (around neck)
 j - a +6 ring of strength
Scrolls
 d - a scroll of brand weapon {unknown}
 e - 2 scrolls of enchant armour {unknown}
 f - a scroll of noise {unknown}
 h - 2 scrolls of identify {unknown}
 i - a scroll of blinking {unknown}
 k - a scroll of silence {unknown}
Potions
 c - a potion of mutation {unknown}


   Skills:
 + Level 2.1 Fighting
 - Level 1.7 Dodging
 + Level 1.1 Stealth
 + Level 3.0 Unarmed Combat
 + Level 2.4 Spellcasting
 + Level 2.2 Transmutations
 + Level 0.1 Invocations


You had 5 spell levels left.
You knew the following spells:

 Your Spells              Type           Power      Damage    Failure   Level
a - Beastly Appendage     Tmut           18%        N/A       8%          1

Your spell library contained the following spells:

 Spells                   Type           Power      Damage    Failure   Level
 Wereblood                Tmut           9%         N/A       12%         2
 Spider Form              Tmut/Pois      5%         N/A       36%         3
 Ice Form                 Ice/Tmut       5%         N/A       77%         4
 Malign Gateway           Summ/Tloc      0%         N/A       100%        7
 Summon Horrible Things   Summ           0%         N/A       100%        8


Dungeon Overview and Level Annotations

Branches:
Dungeon (3/15)

Altars:
Cheibriados


Innate Abilities, Weirdness & Mutations

You have temporarily grown beastly horns and talons.
You have sharp fingernails.
You may rarely emit foul miasma when damaged in melee.


Message History

You are too injured to fight recklessly!
You are too injured to fight recklessly!
You are too injured to fight recklessly!
You are too injured to fight recklessly!
You are too injured to fight recklessly!
You are too injured to fight recklessly!
You are too injured to fight recklessly!
The flow of time bends around you.
Cheibriados rebukes the orc.
The orc seems to slow down.
Cheibriados rebukes the orc.
The orc seems to slow down.
Cheibriados rebukes the orc priest.
The orc priest seems to slow down.
Your transformation is almost over.
The orc hits you with a +0 club.
The orc priest hits you but does no damage.
The orc hits you with a +4 dagger.
* * * LOW HITPOINT WARNING * * *
You closely miss the orc priest.
You claw the orc priest, but do no damage.
You headbutt the orc priest.
The orc priest is moderately wounded.
You scratch the orc priest.
The orc priest is heavily wounded.
The orc completely misses you.
The orc priest miscasts a cantrip.
The orc hits you with a +4 dagger.
* * * LOW HITPOINT WARNING * * *
You barely miss the orc priest.
You claw the orc priest, but do no damage.
The orc priest is heavily wounded.
The orc closely misses you.
You scratch the orc priest. You claw the orc priest.
The orc priest is severely wounded.
The orc closely misses you.
The orc priest calls down the wrath of Beogh upon you.
Beogh smites you!
Ouch! That really hurt!
You die...

.## #.#........ ..#
#.#...####.##.....#
#.###.#...# #.#...... #
....#.#...# #.#.#... .#
....#.#.### #.#.... ..#
....#..†..# #.#... ...#
....#.....# #.#.. ....#
....#.....####.#o#...#.#
....#..........#@o.....#
....#.#.#####..†.o......
......#.# #).......###
......#.# ##########
.....>#.# ....###.#
###.###. #..<# #.###


You could see an orc priest (slow) and 2 orcs.

Vanquished Creatures
  2 adders (D:2)
  A worm (D:2)
  3 dart slugs
  2 orcs (D:3)
  3 endoplasms
  3 giant cockroaches
  2 goblins
  2 hobgoblins (D:2)
  2 quokkas
  2 ball pythons
  2 bats
  4 frilled lizards
  7 kobolds
  6 rats
41 creatures vanquished.

Vanquished Creatures (others)
  5 withered plants (D:2)
5 creatures vanquished.

Grand Total: 46 creatures vanquished

Notes
Turn   | Place    | Note
-------+----------+-------------------------------------------
     0 | D:1      | Hubjo the Demonspawn Transmuter began the quest for the
                  | Orb.
     0 | D:1      | Reached XP level 1. HP: 15/15 MP: 3/3
   325 | D:1      | Discovered your monstrous ancestry.
   325 | D:1      | Gained mutation: You have sharp fingernails. [demonic
                  | ancestry]
   325 | D:1      | Reached XP level 2. HP: 21/21 MP: 3/5
  1639 | D:2      | Reached skill level 1 in Stealth
  1639 | D:2      | Gained mutation: You may rarely emit foul miasma when
                  | damaged in melee. [demonic ancestry]
  1639 | D:2      | Reached XP level 3. HP: 19/27 MP: 4/6
  1982 | D:2      | Reached skill level 3 in Unarmed Combat
  2426 | D:2      | Found a faded altar of an unknown god.
  2676 | D:2      | Prayed at the altar of an unknown god.
  2676 | D:2      | Became a worshipper of Cheibriados the Contemplative
  2676 | D:2      | Reached * piety under Cheibriados
  2912 | D:3      | Killed from afar by an orc priest

Illustrated notes

Levels and vault maps discovered:
D:1:      minmay_arrival_three_doors, layout_basic, minmay_crystal_room
D:2:      layout_loops_ring, ebering_ecumenical_altar_petrified,
          uniq_crazy_yiuf_cottage
D:3:      cheibrodos_pilgrimage, layout_basic, serial_shops, shop,
          nicolae_shop_overgrown_old_shop, shop

Skill      XL: |  1  2  3 |
---------------+----------+-----
Transmutations | 2 |  2.2
Stealth        | 1 |  1.1
Fighting       | 2 |  2.1
Unarmed Combat | 3 |  3.0
Dodging        | |  1.7
Spellcasting   | |  2.4
Invocations    | |  0.1

Action                   || total
-------------------------++-------
Melee: Unarmed           ||   103
       Kick              ||    25
       Headbutt          ||     9
 Cast: Beastly Appendage ||    34
Invok: Bend Time         ||     1
  Use: Potion            ||     2
Armor: Robe              ||    10
       Skin              ||     1
Dodge: Dodged            ||    59

Table legend: (Time is in decaauts)
 A = Elapsed time spent in this place.
 B = Non-inter-level travel time spent in this place.
 C = Inter-level travel time spent in this place.
 D = Time resting spent in this place.
 E = Time spent auto-exploring this place.
 F = Levels seen in this place.
 G = Mean time per level.
                   A        B        C        D        E       F      G
               +--------+--------+--------+--------+--------+-----+--------+
         Total |   2955 |   2808 |    147 |    358 |   2079 |   3 |  985.0 |
       Dungeon |   2955 |   2808 |    147 |    358 |   2079 |   3 |  985.0 |
               +--------+--------+--------+--------+--------+-----+--------+

Top non-repeatable levels by time:
     D:1: 1597 daAuts
     D:2: 1178 daAuts
     D:3: 179 daAuts
